 Dungeon Crawl Stone Soup version 0.30-a0-385-gfebfb9b408 (webtiles) character file.

Game seed: 12048033610608760771

103 vineage the Trooper (level 4, -1/50 HPs)
             Began as an Ogre Fighter on Dec 2, 2022.
             Slain by a goblin
             ... wielding a +0 dagger
             ... led by Robin
              (2 damage)
             ... on level 3 of the Dungeon.
             The game lasted 00:02:21 (1783 turns).

vineage the Trooper (Ogre Fighter)                  Turns: 1783, Time: 00:02:22

Health: -1/50      AC:  3    Str: 21 (22) XL:     4   Next: 79%
Magic:  4/4        EV:  8    Int: 14 (15) God:
Gold:   129        SH:  7    Dex:  8      Spells: 3/3 levels left

rFire   . . .      SeeInvis .    a - +1 flail
rCold   . . .      Faith    .    c - +0 kite shield
rNeg    . . .      Spirit   .    b - +0 robe
rPois   +          Reflect  .    (helmet restricted)
rElec   .          Harm     .    (no cloak)
rCorr   .          Rampage  .    (gloves unavailable)
Will    .....                    (boots unavailable)
Stlth   +.........               (no amulet)
HPRegen 0.28/turn                f - ring of poison resistance
MPRegen 0.09/turn                l - +6 ring of intelligence

@: mighty, about to teleport
A: large, unfitting armour, tough skin 1
a: no special abilities


You were on level 3 of the Dungeon.
You visited 1 branch of the dungeon, and saw 3 of its levels.

You collected 129 gold pieces.

Inventory:

Hand Weapons
 a - a +1 flail (weapon)
Missiles
 h - a throwing net (quivered)
Armour
 b - a +0 robe (worn)
 c - a +0 kite shield (worn)
Jewellery
 f - a ring of poison resistance (left hand)
 k - a ring of fire
 l - a +6 ring of intelligence (right hand)
Scrolls
 i - 3 scrolls of magic mapping
Potions
 g - a potion of flight
 j - a potion of ambrosia {unknown}
 n - a potion of attraction {unknown}
 p - a potion of resistance {unknown}


   Skills:
 * Level 5.4 Fighting
 * Level 3.0 Maces & Flails
 + Level 3.2 Dodging
 - Level 3.0 Shields


You had 3 spell levels left.
You didn't know any spells.
Your spell library was empty.

Dungeon Overview and Level Annotations

Branches:
Dungeon (3/15)

Altars:

Annotations:
D:3 Robin


Innate Abilities, Weirdness & Mutations

You are too large for most types of armour.
You have tough skin. (AC +1)


Message History

You are too injured to fight recklessly!
You are too injured to fight recklessly!
You are too injured to fight recklessly!
You are too injured to fight recklessly!
You are too injured to fight recklessly!
You feel very mighty all of a sudden. The goblin closely misses you.
The goblin hits you with a +0 dagger. You block the goblin's attack.
The goblin closely misses you. The hobgoblin hits you.
The goblin hits you with a +0 dagger. You block the goblin's attack.
You feel better. You block the goblin's attack. x2
The goblin hits you with a +0 club. The hobgoblin closely misses you.
The goblin hits you but does no damage. Robin throws the goblin at you!
The goblin hits you but does no damage. The goblin closely misses you.
As you read the scroll of teleportation, it crumbles to dust.
You feel strangely unstable. The goblin barely misses you.
The goblin hits you with a +0 dagger. The goblin hits you with a +0 club.
* * * LOW HITPOINT WARNING * * *
The goblin hits you with a +0 dagger.
* * * LOW HITPOINT WARNING * * *
The hobgoblin hits you but does no damage.
The goblin hits you but does no damage. The goblin hits you with a +0 dagger.
* * * LOW HITPOINT WARNING * * *
You closely miss Robin. You block the goblin's attack.
The goblin hits you with a +0 dagger.
* * * LOW HITPOINT WARNING * * *
You block the goblin's attack. Robin hits you but does no damage.
The goblin hits you but does no damage. The hobgoblin hits you.
* * * LOW HITPOINT WARNING * * *
The goblin hits you but does no damage. The goblin misses you.
You barely miss Robin.
The goblin no longer looks unusually strong. x2
You block the goblin's attack. The goblin hits you with a +0 dagger.
* * * LOW HITPOINT WARNING * * *
The goblin hits you but does no damage. x2
The hobgoblin hits you but does no damage.
The goblin hits you with a +0 dagger.
* * * LOW HITPOINT WARNING * * *
The goblin hits you with a +0 dagger.
You die...

#.......##.....#####.###
#.......######## #...#
###.....# #.#.#
#.....#### #.#.##
#........#########.#...
#......................
#........#########.##..
#....ggg..# #....#
#....g@g..# #...##
#....ggg..# ###.#...
#.........# ###......#
#........... ..........
#.........####.........
#.........# #.........
#.........# #.........
#.........# #.........
#.....†...


You could see Robin, a hobgoblin (strong) and 6 goblins.

Vanquished Creatures
  An iguana (D:3)
  2 worms
  4 dart slugs
  4 bats
  5 endoplasms
  2 giant cockroaches
  8 goblins
  8 hobgoblins
  7 jackals (D:1)
  7 ball pythons
  4 frilled lizards
  2 kobolds
  5 rats (D:1)
59 creatures vanquished.

Vanquished Creatures (others)
  A plant (D:1)
1 creature vanquished.

Grand Total: 60 creatures vanquished

Notes
Turn   | Place    | Note
-------+----------+-------------------------------------------
     0 | D:1      | vineage the Ogre Fighter began the quest for the Orb.
     0 | D:1      | Reached XP level 1. HP: 24/24 MP: 1/1
    88 | D:1      | Reached XP level 2. HP: 29/32 MP: 2/2
   209 | D:1      | Reached XP level 3. HP: 35/40 MP: 3/3
   928 | D:2      | Reached skill level 5 in Fighting
  1316 | D:2      | Reached XP level 4. HP: 50/50 MP: 4/4
  1772 | D:3      | Noticed Robin
  1783 | D:3      | HP: 1/50 [goblin/+0 dagger[Robin] (3)]
  1783 | D:3      | Slain by a goblin

Illustrated notes

Levels and vault maps discovered:
D:1:      scummos_arrival_hexagon, layout_rooms, amcnicky_mini_corridor_feature,
          serial_bayou_ford_a
D:2:      layout_loops_ring, minmay_octomino_j4
D:3:      layout_rooms, shapermc_ecumenical_altar_ellora, uniq_robin, uniq_ijyb

Skill      XL: |  1  2  3  4 |
---------------+-------------+-----
Maces & Flails | 2 3 |  3.0
Dodging        | 3 |  3.2
Fighting       | 5 |  5.4
Shields        | |  3.0

Action                   |  1- 3 |  4- 6 || total
-------------------------+-------+-------++-------
Melee: Flail             |   129 |    46 ||   175
  Use: Scroll            |     8 |     2 ||    10
       Potion            |       |     4 ||     4
Armor: Robe              |    42 |    32 ||    74
Dodge: Dodged            |    58 |    26 ||    84
Block: Kite shield       |    51 |    23 ||    74

Table legend: (Time is in decaauts)
 A = Elapsed time spent in this place.
 B = Non-inter-level travel time spent in this place.
 C = Inter-level travel time spent in this place.
 D = Time resting spent in this place.
 E = Time spent auto-exploring this place.
 F = Levels seen in this place.
 G = Mean time per level.
                   A        B        C        D        E       F      G
               +--------+--------+--------+--------+--------+-----+--------+
         Total |   1857 |   1823 |     34 |    125 |   1259 |   3 |  619.0 |
       Dungeon |   1857 |   1823 |     34 |    125 |   1259 |   3 |  619.0 |
               +--------+--------+--------+--------+--------+-----+--------+

Top non-repeatable levels by time:
     D:1: 766 daAuts
     D:2: 678 daAuts
     D:3: 412 daAuts
